 Dungeon Crawl Stone Soup version 0.30-a0-50-gb2d611f6b1 (webtiles) character file.

Game seed: 9888168622841359293

407 AarnesTheHuman the Chopper (level 7, -5/52 HPs)
             Began as a Formicid Fighter on Sept 5, 2022.
             Was an Initiate of Okawaru.
             Slain by an ogre
             ... wielding a +0 giant spiked club
              (13 damage)
             ... on level 5 of the Dungeon.
             The game lasted 00:06:00 (4958 turns).

AarnesTheHuman the Chopper (Formicid Fighter)       Turns: 4958, Time: 00:06:00

Health: -5/52      AC: 10    Str: 22    XL:     7   Next: 12%
Magic:  8/9        EV:  9    Int: 11    God:    Okawaru [......]
Gold:   195        SH:  5    Dex: 13    Spells: 6/6 levels left

rFire   . . .      SeeInvis +    i - +4 hand axe "Hemmiruli" {elec, rC+ Int+3}
rCold   + + .      Faith    .    c - +0 buckler
rNeg    . . .      Spirit   .    b - +0 scale mail
rPois   .          Reflect  .    (helmet unavailable)
rElec   .          Harm     .    (no cloak)
rCorr   .          Rampage  .    (no gloves)
Will    .....                    (no boots)
Stlth   ..........               (no amulet)
HPRegen 0.17/turn                k - ring of protection from cold
MPRegen 0.11/turn                s - +4 ring of protection

@: no status effects
A: permanent stasis, dig shafts and tunnels, antennae 3, four strong arms
a: Dig, Shaft Self, Renounce Religion


You were on level 5 of the Dungeon.
You worshipped Okawaru.
Okawaru was noncommittal.
You visited 2 branches of the dungeon, and saw 6 of its levels.

You collected 195 gold pieces.

Inventory:

Hand Weapons
 a - a +1 quarterstaff
 i - the +4 hand axe "Hemmiruli" (weapon) {elec, rC+ Int+3}
   (You found it on level 2 of the Dungeon)

   It occasionally discharges a powerful burst of electricity upon striking a
   foe.
   Int:       It affects your intelligence (+3).
   rC:        It protects you from cold.
Missiles
 f - 3 javelins
 r - 6 poisoned darts
 t - 3 throwing nets
Armour
 b - a +0 scale mail (worn)
 c - a +0 buckler (worn)
Jewellery
 k - a ring of protection from cold (left hand)
 s - a +4 ring of protection (right hand)
Scrolls
 g - 2 scrolls of teleportation
 j - a scroll of enchant weapon
Potions
 d - 2 potions of might
 e - a potion of magic {unknown}
 h - 2 potions of cancellation {unknown}
 l - 2 potions of haste
 m - a potion of invisibility {unknown}
 n - a potion of brilliance
 o - 2 potions of heal wounds
 p - a potion of flight
 q - 3 potions of attraction
 u - 2 potions of curing


   Skills:
 - Level 3.2 Fighting
 + Level 5.1 Axes
 - Level 3.8 Staves
 - Level 3.2 Armour
 - Level 4.0 Shields
 + Level 2.9 Invocations


You had 6 spell levels left.
You didn't know any spells.
Your spell library was empty.

Dungeon Overview and Level Annotations

Branches:
Dungeon (5/15)             Temple (1/1) D:4

Altars:
Ashenzari
Cheibriados
Dithmenos
Elyvilon
Gozag
Kikubaaqudgha
Nemelex Xobeh
Okawaru
Ru
Trog
Vehumet
Xom
Yredelemnul

Annotations:
D:2 1 runed translucent door, Crazy Yiuf
D:3 3 runed translucent doors, Perdel's ghost, amateur SpEn


Innate Abilities, Weirdness & Mutations

You cannot be hasted, slowed, berserked, paralysed or teleported.
You can dig through walls and to a lower floor.
You have a pair of large antennae on your head. (SInv)
Your four strong arms can wield two-handed weapons with a shield.


Message History

You sense a monster nearby.
An ogre and a howler monkey come into view.
The ogre shouts!
The howler monkey howls!
You hear an angry hiss.
An adder comes into view.
The ogre moves out of view.
The howler monkey closely misses you.
You closely miss the howler monkey. You block the howler monkey's attack.
You hit the howler monkey.
The howler monkey is moderately wounded.
You hit the adder.
The howler monkey hits you but does no damage.
The adder bites you but does no damage.
The howler monkey hits you but does no damage.
The adder completely misses you.
You closely miss the adder.
The adder is severely wounded.
You hit the howler monkey.
Lightning courses through the howler monkey!
You kill the howler monkey!
Okawaru accepts your kill. The adder bites you but does no damage.
Your Axes skill increases to level 5!
You have reached level 7!
You slash the adder!
You kill the adder!
Okawaru accepts your kill.
The ogre hits you with a +0 giant spiked club!
You hit the ogre.
The ogre is lightly wounded.
You barely miss the ogre.
The ogre is lightly wounded.
The ogre hits you with a +0 giant spiked club!!
Ouch! That really hurt!
* * * LOW HITPOINT WARNING * * *
You are too injured to fight recklessly!
You slash the ogre!
The ogre is moderately wounded.
The ogre barely misses you.
Found a scroll of magic mapping.
The ogre hits you with a +0 giant spiked club!
You die...

#.....#
..###<################
#....................?.
#####.................
#.....#...#.#...#... ..
#.....†#.#...#.# ... .#
#...#...#.....#...#S .#
###....#..#.....#..#.. .#
#...#...###..@..###...#.#
#.#..#..#..#..O#..#.†#†.#
#.....###...#.#...###.?.#
#.#..#...#...#...#...#..#
.....#.....#..#..#.....#.#
#####........#####........#
....#.....#..#..#.....#.#
###..#...#...#.[.#...#..#
#...###...#.#...###...#


You could see an ogre.

Vanquished Creatures
  A phantom (D:4)
  A scorpion (D:4)
  A howler monkey (D:5)
  An iguana (D:5)
  An orc wizard (D:4)
  3 gnolls (D:3)
  6 adders
  An ufetubus (D:5)
  2 worms (D:2)
  2 dart slugs
  10 orcs (D:4)
  11 endoplasms
  2 giant cockroaches (D:1)
  5 goblins
  7 hobgoblins
  6 jackals
  3 kobolds
  7 quokkas
  7 ball pythons
  A bat (D:1)
  2 frilled lizards
  6 rats
  A spectral goblin (D:1)
87 creatures vanquished.

Vanquished Creatures (others)
  A fungus (D:2)
1 creature vanquished.

Grand Total: 88 creatures vanquished

Notes
Turn   | Place    | Note
-------+----------+-------------------------------------------
     0 | D:1      | AarnesTheHuman the Formicid Fighter began the quest for the
                  | Orb.
     0 | D:1      | Reached XP level 1. HP: 18/18 MP: 1/1
   114 | D:1      | Reached XP level 2. HP: 23/24 MP: 2/2
   235 | D:1      | Found a faded altar of an unknown god.
   954 | D:1      | Reached XP level 3. HP: 25/29 MP: 3/3
  1745 | D:2      | Identified the +4 hand axe "Hemmiruli" {elec, rC+ Int+3}
  2092 | D:2      | Reached XP level 4. HP: 35/35 MP: 4/4
  2109 | D:2      | Reached skill level 1 in Axes
  2294 | D:2      | Found a runed translucent door.
  2295 | D:2      | Noticed Crazy Yiuf
  2740 | D:3      | Found a runed translucent gate.
  2740 | D:3      | Found a runed translucent gate.
  2740 | D:3      | Found a runed translucent gate.
  2788 | D:3      | You fall into a shaft and drop 1 floor!
  2798 | D:4      | Found a staircase to the Ecumenical Temple.
  2825 | D:4      | Reached skill level 2 in Axes
  2893 | D:4      | Noticed a phantom
  2904 | D:4      | Killed a phantom
  2905 | D:4      | Reached skill level 3 in Axes
  2905 | D:4      | Reached XP level 5. HP: 40/41 MP: 5/5
  3222 | D:3      | Reached skill level 4 in Axes
  3229 | D:3      | Reached XP level 6. HP: 26/47 MP: 6/6
  3718 | D:3      | Noticed Perdel's ghost (amateur SpEn)
  3861 | Temple   | Entered the Ecumenical Temple
  4024 | Temple   | Became a worshipper of Warmaster Okawaru
  4072 | D:4      | Reached skill level 1 in Invocations
  4811 | D:5      | Entered Level 5 of the Dungeon
  4940 | D:5      | Noticed an ogre
  4945 | D:5      | Reached skill level 5 in Axes
  4945 | D:5      | Reached XP level 7. HP: 52/52 MP: 7/9
  4958 | D:5      | Slain by an ogre

Illustrated notes

Levels and vault maps discovered:
D:1:      eino_arrival_water_star, layout_basic,
          dreamdust_ecumenical_altar_drowned_temple, serial_rivers,
          chequers_serial_rivers_small_3, chequers_serial_rivers_micro_e,
          chequers_serial_rivers_large_a, chequers_serial_rivers_micro_e,
          chequers_serial_rivers_small_b, chequers_serial_rivers_micro_c
D:2:      layout_loops_corners, kennysheep_donut, uniq_crazy_yiuf_cottage
D:3:      layout_loops_ring, gammafunk_ghost_icy
D:4:      layout_loops_corners, minmay_temple_entry_statues
D:5:      layout_loops_ring, minmay_splitting_lines, hellmonk_bongcloud_opening
Temple:   nicolae_temple_bog_church

Skill      XL: |  1  2  3  4  5  6 |
---------------+-------------------+-----
Staves         | 3 |  3.8
Axes           | 3 4 5 |  5.1
Invocations    | 2 |  2.9
Fighting       | |  3.2
Armour         | |  3.2
Shields        | |  4.0

Action                   |  1- 3 |  4- 6 |  7- 9 || total
-------------------------+-------+-------+-------++-------
Melee: Quarterstaff      |    63 |       |       ||    63
       Hand axe          |     6 |   133 |     4 ||   143
  Use: Scroll            |       |    14 |       ||    14
Armor: Scale mail        |    24 |    44 |       ||    68
Dodge: Dodged            |    21 |    56 |     1 ||    78
Block: Buckler           |    15 |    25 |       ||    40

Table legend: (Time is in decaauts)
 A = Elapsed time spent in this place.
 B = Non-inter-level travel time spent in this place.
 C = Inter-level travel time spent in this place.
 D = Time resting spent in this place.
 E = Time spent auto-exploring this place.
 F = Levels seen in this place.
 G = Mean time per level.
                   A        B        C        D        E       F      G
               +--------+--------+--------+--------+--------+-----+--------+
         Total |   5031 |   4774 |    257 |      5 |   4124 |   6 |  838.5 |
       Dungeon |   4853 |   4610 |    243 |      5 |   3973 |   5 |  970.6 |
        Temple |    177 |    163 |     14 |      0 |    151 |   1 |  177.0 |
               +--------+--------+--------+--------+--------+-----+--------+

Top non-repeatable levels by time:
     D:2: 1345 daAuts
     D:1: 1319 daAuts
     D:4: 1096 daAuts
     D:3: 944 daAuts
  Temple: 177 daAuts
     D:5: 147 daAuts
